 Dungeon Crawl Stone Soup version 0.27-a0-1278-g6cbc8dfb29 (webtiles) character file.

Game seed: 5819909126201775306

5 puppykicker the Chiller (level 1, -2/13 HPs)
             Began as a Barachi Ice Elementalist on June 12, 2021.
             Slain by a gnoll (7 damage)
             ... on level 1 of the Dungeon.
             The game lasted 00:01:49 (204 turns).

puppykicker the Chiller (Barachi Ice Elementalist)   Turns: 204, Time: 00:01:49

Health: -2/13      AC:  5    Str: 11    XL:     1   Next: 80%
Magic:  3/3        EV: 10    Int: 15    God:
Gold:   16         SH:  0    Dex: 12    Spells: 3/4 levels left

rFire    . . .     SeeInvis .   a - +0 trident
rCold    . . .     Faith    .   (no shield)
rNeg     . . .     Spirit   .   d - +0 ring mail
rPois    .         Reflect  .   (no helmet)
rElec    .         Harm     .   (no cloak)
rCorr    .         Rampage  .   (no gloves)
Will     .....     Rnd*Rage +   (no boots)
Stlth    +.........             (no amulet)
HPRegen  0.04/turn              (no ring)
MPRegen  0.08/turn              (no ring)

@: unable to hop, slow
A: amphibious, slowness 1, strong legs 1, +LOS, berserk 1, strong 1
a: Hop


You were on level 1 of the Dungeon.
You visited 1 branch of the dungeon, and saw 1 of its levels.

You collected 16 gold pieces.

Inventory:

Hand Weapons
 a - a +0 trident (weapon)
Armour
 c - a +0 robe
 d - a +0 ring mail (worn)


   Skills:
 + Level 0.2 Fighting
 + Level 0.4 Armour
 + Level 2.2 Dodging
 + Level 1.9 Stealth
 + Level 2.2 Spellcasting
 * Level 4.9 Ice Magic


You had 3 spell levels left.
You knew the following spells:

 Your Spells              Type           Power      Damage    Failure   Level
a - Freeze                Ice            64%        1d8       7%          1

Your spell library contained the following spells:

 Spells                   Type           Power      Damage    Failure   Level
 Frozen Ramparts          Ice            32%        1d5       21%         3
 Ozocubu's Armour         Ice            16%        N/A       21%         3
 Hailstorm                Conj/Ice       9%         3d4       88%         4
 Metabolic Englaciation   Hex/Ice        4%         N/A       99%         5


Dungeon Overview and Level Annotations

Branches:
Dungeon (1/15)

Altars:


Innate Abilities, Weirdness & Mutations

You are amphibious.
You cover ground slowly.
You can hop short distances.
You have an extended range of vision and can be seen from far away.
You tend to lose your temper in combat.
Your muscles are strong. (Str +2)


Message History

You reach to attack!
You barely miss the kobold.
Okay, then.
Unknown command.
Unknown command.
Casting: Freeze (safe; 9% risk of failure)
Aiming: Freeze (safe; 9% risk of failure)
Press: ? - help, Shift-Dir - straight line, f/p - kobold
Aim: a kobold, wielding a +0 short sword and quivering stones You freeze the kobold.
You kill the kobold!
You now have 2/3 mp.
Things that are here:
a +0 short sword; a stone; a kobold corpse A gnoll comes into view.
It is wielding a +0 club.
The gnoll shouts!
The goblin shouts!
You hear a shout!
A hobgoblin comes into view.
The gnoll moves out of view.
The hobgoblin shouts!
Health restored: 13; MP restored: 3 A giant cockroach comes into view.
A hobgoblin comes into view.
You closely miss the goblin.
A hobgoblin comes into view.
The goblin hits you but does no damage. x2
You puncture the goblin!
You kill the goblin!
You puncture the gnoll! The gnoll hits you with a +0 club!
Ouch! That really hurt!
* * * LOW HITPOINT WARNING * * *
You take 8 damage, and have 5/13 hp.
MASSIVE DAMAGE!!
Hop to where?
Press: ? - help, Dir - move target Boing!
Okay, then.
It was a potion of mutation.
You feel extremely strange.
You feel a little pissed off.
You feel stronger.
You closely miss the gnoll. The gnoll closely misses you.
The gnoll hits you with a +0 club!
Ouch! That really hurt!
You die...

# .... . ## .#... .##
#.#gB###### ..##
#.#..gg.g.#
...#####.#...###.######
.............###g.....###
...###........##.........
#### #........##gg....###
#.....#..##@.....#
#.....#..##).....#
#.....##.##......#
#.....##.>#......#
#.....###.#......#
#.....###†#...##.#
######.........#.#
#.##.#.#..# # #.#..#.#..#


You could see a gnoll and 3 hobgoblins.

Levels and vault maps discovered:
D:1:      psy_arrival_spokes, layout_basic,
          hellmonk_ecumenical_altar_pennies_from_heaven, minmay_quantized

Notes
Turn   | Place    | Note
-------+----------+-------------------------------------------
     0 | D:1      | puppykicker the Barachi Ice Elementalist began the quest
                  | for the Orb.
     0 | D:1      | Reached XP level 1. HP: 13/13 MP: 3/3
   128 | D:1      | Identified a +0 dagger
   134 | D:1      | Identified a +0 trident
   137 | D:1      | Identified a +0 ring mail
   175 | D:1      | Identified a +0 short sword
   192 | D:1      | Identified a +0 club
   203 | D:1      | Identified a potion of mutation
   203 | D:1      | Gained mutation: You tend to lose your temper in combat.
                  | [potion of mutation]
   203 | D:1      | Gained mutation: Your muscles are strong. (Str +2) [potion
                  | of mutation]
   204 | D:1      | Slain by a gnoll

Table legend: (Time is in decaauts)
 A = Elapsed time spent in this place.
 B = Non-inter-level travel time spent in this place.
 C = Inter-level travel time spent in this place.
 D = Time resting spent in this place.
 E = Time spent auto-exploring this place.
 F = Levels seen in this place.
 G = Mean time per level.
                   A        B        C        D        E       F      G
               +--------+--------+--------+--------+--------+-----+--------+
         Total |    221 |    221 |      0 |    100 |     52 |   1 |  221.0 |
       Dungeon |    221 |    221 |      0 |    100 |     52 |   1 |  221.0 |
               +--------+--------+--------+--------+--------+-----+--------+

Top non-repeatable levels by time:
     D:1: 221 daAuts

Table legend:
 A = Kills in this place as a percentage of kills in entire the game.
 B = Kills by you in this place as a percentage of kills by you in the entire game.
 C = Kills by friends in this place as a percentage of kills by friends in the entire game.
 D = Other kills in this place as a percentage of other kills in the entire game.
 E = Experience gained in this place as a percentage of experience gained in the entire game.
 F = Experience gained in this place divided by the number of levels of this place that you have seen.
                   A       B       C       D       E      F
               +-------+-------+-------+-------+-------+----------------------
         Total | 100.0 | 100.0 |   N/A |   N/A | 100.0 |   8.0
       Dungeon | 100.0 | 100.0 |   N/A |   N/A | 100.0 |   8.0
               +-------+-------+-------+-------+-------+----------------------

Action                   || total
-------------------------++-------
Melee: Trident           ||    12
 Cast: Freeze            ||     4
 Abil: Hop               ||     1
  Use: Potion            ||     1
Armor: Ring mail         ||     7
       Robe              ||     2
Dodge: Dodged            ||     6

Vanquished Creatures
  A dart slug (D:1)
  A bat (D:1)
  A goblin (D:1)
  A kobold (D:1)
4 creatures vanquished.
